 Dungeon Crawl Stone Soup version 0.31-a0-965-g8a8ce12e04 (webtiles) character file.

Game seed: 4287558200607265795

236 croobank the Trooper (level 5, 0/47 (48) HPs)
             Began as a Draconian Monk on Oct 26, 2023.
             Slain by a wight
             ... wielding a +5 dire flail
              (2 damage)
             ... on level 4 of the Dungeon.
             The game lasted 00:06:49 (2363 turns).

croobank the Trooper (Draconian Monk)               Turns: 2363, Time: 00:06:49

HP:   0/47 (48)     AC:  6    Str: 19    XL:     5   Next: 77%
MP:   5/5           EV: 13    Int: 12    God:
Gold: 147           SH:  0    Dex: 14    Spells: 4/4 levels left

rFire   + . .        a - +1 short sword
rCold   . . .        (no shield)
rNeg    + . .        (body armour unavailable)
rPois   .            (helmet restricted)
rElec   .            (no cloak)
rCorr   .            (no gloves)
SInv    .            g - +0 pair of boots
Will    .....        q - amulet of the acrobat
Stlth   +            n - ring of Koni {rF+ rN+ Str+6}
HPRegen 0.27/turn    (no ring)
MPRegen 0.09/turn

%: acrobat
@: lightly drained
A: AC +5, unfitting armour, cold-blooded
a: no special abilities


You were on level 4 of the Dungeon.
You visited 1 branch of the dungeon, and saw 4 of its levels.

You collected 171 gold pieces.
You spent 24 gold pieces at shops.

Inventory:

Hand Weapons
 a - a +1 short sword (weapon)
Missiles
 i - 7 poisoned darts
 p - 2 javelins (quivered)
Armour
 c - an orb of light
 g - a +0 pair of boots (worn)
 m - a +0 pair of gloves
Magical Staves
 o - a staff of air
Jewellery
 h - a ring of ice
 n - the ring of Koni (left hand) {rF+ rN+ Str+6}
   (You found it on level 2 of the Dungeon)

   [ring of strength]

   Str+6:     It affects your strength (+6).
   rF+:       It protects you from fire.
   rN+:       It protects you from negative energy.
 q - an amulet of the acrobat (around neck)
Potions
 b - 2 potions of ambrosia
 d - 2 potions of enlightenment
 e - 3 potions of mutation
 l - 2 potions of degeneration {unknown}
 r - a potion of brilliance {unknown}
 s - a potion of resistance {unknown}


   Skills:
 + Level 5.0 Fighting
 + Level 4.4 Short Blades
 + Level 4.0 Dodging


You had 4 spell levels left.
You didn't know any spells.
Your spell library was empty.

Dungeon Overview and Level Annotations

Branches:
Dungeon (4/15)
 Temple: D:4-7

Altars:

Shops:
D:2 *

Annotations:
D:3 3 runed translucent doors, SecretSquirrel's ghost, amateur MiHu


Innate Abilities, Weirdness & Mutations

Your plain brown scales are hard. (AC +5)
You cannot fit into any form of body armour.
You are cold-blooded and may be slowed by cold attacks.


Message History

You hit the ogre but do no damage. You tail-slap the ogre.
You kill the ogre!
The wight barely misses you.
Your Fighting skill increases to level 5!
Your Dodging skill increases to level 4!
You see here a +0 giant spiked club.
You hit the wight but do no damage.
Throw: 6 javelins
Press: ? - help, Q - select action, (/) - cycle Shift-Dir - straight line, f - wight
Aim: a wight, wielding a +0 morningstar and wearing a +0 robe (57% to hit)
You throw a javelin. The javelin barely misses the wight.
The javelin pierces through the wight.
The wight is lightly damaged.
The wight misses you. x2
Throw: 5 javelins
Press: ? - help, Q - select action, (/) - cycle Shift-Dir - straight line, f/p - wight
Aim: a wight, wielding a +0 morningstar and wearing a +0 robe (poison gas, lightly damaged, 57% to hit)
You throw a javelin. The javelin pierces through the wight.
The wight is lightly damaged.
The javelin pierces through the wight but does no damage.
The wight is lightly damaged.
The wight misses you.
Throw: 4 javelins
Press: ? - help, Q - select action, (/) - cycle Shift-Dir - straight line, f/p - wight
Aim: a wight, wielding a +0 morningstar and wearing a +0 robe (lightly damaged, 57% to hit)
You throw a javelin. The javelin barely misses the wight.
The javelin pierces through the wight but does no damage.
The wight is lightly damaged.
The wight hits you with a +5 dire flail! x2
* * * LOW HITPOINT WARNING * * *
Throw: 3 javelins
Press: ? - help, Q - select action, (/) - cycle Shift-Dir - straight line, f/p - wight
Aim: a wight, wielding a +0 morningstar and wearing a +0 robe (lightly damaged, 57% to hit)
You throw a javelin. The javelin pierces through the wight.
The wight is moderately damaged.
The javelin closely misses the wight.
The wight hits you with a +5 dire flail!
* * * LOW HITPOINT WARNING * * *
You partially resist.
You feel drained.
You die...

.. #.##z.## #####)#
...#####......#
#....##+#
#.............#
#..).....
#...>.....#..##
##.#)####+
.#####w.....#
+..#.).# #z#....#
#..#...#
#.###.#####.######
#w##..#..(..#
#zz@..#..#..#
#.##..#####.# #.#
#..#).#.#+###. #.#
..#..'........ #.###
##'#####..#+# #..
..#...# ## #.#
#.#...# #.
#.#'''####
#.###.P......#######


You could see 2 wights and a dart slug.

Vanquished Creatures
  An ogre (D:4)
  A wight (D:4)
  An adder (D:4)
  A worm (D:4)
  3 dart slugs
  4 orcs (D:4)
  8 bats
  4 endoplasms
  2 giant cockroaches
  8 goblins
  8 hobgoblins
  3 quokkas
  7 ball pythons
  2 frilled lizards
  9 kobolds
  5 rats
67 creatures vanquished.

Notes
Turn   | Place    | Note
-------+----------+-------------------------------------------
     0 | D:1      | croobank the Draconian Monk began the quest for the Orb.
     0 | D:1      | Reached XP level 1. HP: 19/19 MP: 1/1
   176 | D:1      | Reached XP level 2. HP: 26/26 MP: 2/2
   745 | D:2      | Reached XP level 3. HP: 28/33 MP: 3/3
   971 | D:2      | Identified the ring of Koni {rF+ rN+ Str+6}
  1013 | D:2      | Reached skill level 4 in Fighting
  1139 | D:2      | Found Modusump's General Store.
  1145 | D:2      | Bought a scroll of identify for 24 gold pieces
  1527 | D:3      | Found a runed translucent gate.
  1528 | D:3      | Found a runed translucent gate.
  1528 | D:3      | Found a runed translucent gate.
  1531 | D:3      | Noticed SecretSquirrel's ghost (amateur MiHu)
  1853 | D:4      | Reached XP level 4. HP: 36/40 MP: 4/4
  2147 | D:4      | Reached XP level 5. HP: 29/47 MP: 5/5
  2341 | D:4      | Noticed an ogre
  2356 | D:4      | Killed an ogre
  2357 | D:4      | Reached skill level 5 in Fighting
  2363 | D:4      | HP: 2/48 [wight/+5 dire flail (10)]
  2363 | D:4      | Slain by a wight

Illustrated notes

Levels and vault maps discovered:
D:1:      grunt_arrival_crossed_arrows, layout_loops_ring
D:2:      layout_loops_ring, serial_shops,
          nicolae_shop_competitors_out_of_business
D:3:      layout_rooms, ebering_ghost_rock_garden
D:4:      corexii_shantytown, layout_loops_ring, minmay_fountain_box,
          uniq_sigmund, uniq_crazy_yiuf_cottage

Skill      XL: |  1  2  3  4  5 |
---------------+----------------+-----
Dodging        | 3 4 |  4.0
Fighting       | 4 5 |  5.0
Short Blades   | 4 |  4.4

Action                     |  1- 3 |  4- 6 || total
---------------------------+-------+-------++-------
  Melee: Short sword       |   203 |    98 ||   301
         Tailslap          |    29 |    16 ||    45
         Punch             |     1 |     1 ||     2
  Throw: Javelin           |       |     6 ||     6
    Use: Scroll            |     2 |     6 ||     8
         Potion            |       |     2 ||     2
   Stab: Sleeping          |     2 |     1 ||     3
 Armour: Skin              |    89 |    45 ||   134
  Dodge: Dodged            |   127 |    66 ||   193

Table legend: (Time is in decaauts)
 A = Elapsed time spent in this place.
 B = Non-inter-level travel time spent in this place.
 C = Inter-level travel time spent in this place.
 D = Time resting spent in this place.
 E = Time spent auto-exploring this place.
 F = Levels seen in this place.
 G = Mean time per level.
                   A        B        C        D        E       F      G
               +--------+--------+--------+--------+--------+-----+--------+
         Total |   2313 |   2231 |     82 |    258 |   1325 |   4 |  578.2 |
       Dungeon |   2313 |   2231 |     82 |    258 |   1325 |   4 |  578.2 |
               +--------+--------+--------+--------+--------+-----+--------+

Top non-repeatable levels by time:
     D:1: 724 daAuts
     D:2: 681 daAuts
     D:4: 507 daAuts
     D:3: 400 daAuts
